 Dungeon Crawl Stone Soup version 0.24.1-4-ge52af88ad5 (webtiles) character file.

Game seed: 17202123824448603923, levelgen mode: deterministic

674 MajorAdolf the Stinger (level 7, -1/55 HPs)
             Began as a Naga Wanderer on Apr 15, 2020.
             Killed by nerve-wracking pain
             ... invoked by a shadow imp
              (14 damage)
             ... on level 5 of the Dungeon.
             The game lasted 00:09:45 (6530 turns).

MajorAdolf the Stinger (Naga Wanderer)              Turns: 6530, Time: 00:09:46

Health: -1/55      AC:  7    Str: 16      XL:     7   Next: 59%
Magic:  10/10      EV:  3    Int: 10 (11) God:
Gold:   165        SH: 13    Dex: 11 (12) Spells: 10/10 levels left

rFire    . . .     SeeInvis +     - Unarmed
rCold    + . .     Gourm    .   e - +0 shield
rNeg     . . .     Faith    .   h - +0 chain mail (curse)
rPois    +         Spirit   .   (no helmet)
rElec    +         Reflect  +   (no cloak)
rCorr    .         Harm     .   (no gloves)
MR       .....                  (no barding)
Stlth    ..........             g - +5 amulet of reflection
HPRegen  0.18/turn              c - ring of protection from fire
MPRegen  0.12/turn              u - ring of ice

@: very slow
A: large, see invisible, deformed body, deterioration 1, poison resistance,
electricity resistance, slowness 2, slow metabolism 1, spit poison 1, AC +2
a: Spit Poison


You were on level 5 of the Dungeon.
You were not hungry.

You visited 1 branch of the dungeon, and saw 5 of its levels.

You collected 165 gold pieces.

Inventory:

Hand Weapons
 a - a +0 club
 n - a +1 dagger of freezing
Armour
 d - a +0 robe
 e - a +0 shield (worn)
 h - a cursed +0 chain mail (worn)
 k - a +0 ring mail
Jewellery
 c - a ring of protection from fire (left hand)
 g - a +5 amulet of reflection (around neck)
 u - a ring of ice (right hand)
Scrolls
 b - 6 scrolls of identify
 i - 2 scrolls of blinking
 j - 2 scrolls of remove curse {unknown}
 l - a scroll of magic mapping {unknown}
 m - 3 scrolls of noise {unknown}
 o - 2 scrolls of immolation {unknown}
 p - a scroll of fear {unknown}
 q - 3 scrolls of teleportation {unknown}
 r - a scroll of enchant armour
 s - a scroll of enchant weapon {unknown}
Comestibles
 f - 5 rations
 t - 3 chunks of flesh


   Skills:
 + Level 2.6 Armour
 + Level 1.8 Dodging
 - Level 1.5 Stealth
 + Level 2.6 Shields
 + Level 5.8 Unarmed Combat
 - Level 2.0 Spellcasting
   Level 1.0 Fire Magic
   Level 6.6 Poison Magic


You had 10 spell levels left.
You didn't know any spells.
Your spell library contained the following spells:

 Spells                   Type           Power        Failure   Level  Hunger
 Sting                    Conj/Pois      #...         99%         1    ##.....
 Magic Dart               Conj           #...         100%        1    ##.....
 Summon Small Mammal      Summ           #...         100%        1    ##.....
 Blink                    Tloc           N/A          100%        2    ###....
 Call Imp                 Summ           #.......     100%        2    ###....
 Slow                     Hex            #.......     100%        2    ###....
 Conjure Flame            Conj/Fire      #.......     100%        3    ####...
 Ignite Poison            Fire/Tmut/Pois #.......     100%        3    ####...
 Mephitic Cloud           Conj/Pois/Air  #.......     100%        3    ####...
 Recall                   Summ/Tloc      N/A          100%        3    ####...


Dungeon Overview and Level Annotations

Branches:
Dungeon (5/15)
 Temple: D:4-7

Altars:
Cheibriados
Trog
Xom
Beogh

Annotations:
D:3 3 runed translucent doors, kolakolka's ghost, amateur TrMo
D:5 3 runed translucent doors, Vazz's ghost, novice GnWn


Innate Abilities, Weirdness & Mutations

You cannot wear boots.
Your serpentine skin is tough. (AC +2)
You have supernaturally acute eyesight. (SInv)
Armour fits poorly on your strangely shaped body.
Your system is resistant to poisons. (rPois)
You cover ground very slowly.
You have a slow metabolism.
You can spit poison.
Your body sometimes deteriorates upon taking damage.
You are resistant to electric shocks. (rElec)


Message History

You block the shadow imp's attack.
You closely miss the shadow imp.
The shadow imp is almost dead.
The shadow imp completely misses you.
Your shield and chain mail prevent you from hitting the shadow imp.
The shadow imp is almost dead.
The shadow imp gestures at you. You resist with significant effort.
You closely miss the shadow imp.
The shadow imp is almost dead.
You block the shadow imp's attack.
You hit the shadow imp but do no damage.
The shadow imp is almost dead.
You have got your breath back.
You block the shadow imp's attack.
Your chain mail prevents you from hitting the shadow imp.
The shadow imp is almost dead.
The shadow imp gestures at you. Pain shoots through your body!
You die...

## ### ########## ..##..
#.@5.......# ..#.#
#.########. #.#.### #.....#
. ##.#...# #..##.# .#
.....#.########..##.##.###.
............>..............
.##.####...#.######.8#######
#....#...#.######..#oooo?8
#.##.#.............#oo##..


You could see a shadow imp.

Vanquished Creatures
  2 ogres (D:4)
  3 hounds (D:4)
  2 orc wizards (D:3)
  Jessica (D:2)
  Terence (D:2)
  2 iguanas (D:4)
  2 worker ants (D:4)
  8 adders
  3 gnolls
  An adder skeleton (D:4)
  2 worms (D:2)
  A dart slug (D:4)
  5 leopard geckos
  14 orcs
  7 bats
  2 giant cockroaches
  9 goblins
  5 hobgoblins
  3 jackals (D:4)
  2 quokkas (D:4)
  A ball python (D:1)
  5 frilled lizards
  6 kobolds
  3 rats
90 creatures vanquished.

Notes
Turn   | Place    | Note
-------+----------+-------------------------------------------
     0 | D:1      | MajorAdolf the Naga Wanderer began the quest for the Orb.
     0 | D:1      | MajorAdolf set off with the following items: a +0 club, a
                  | +0 robe, a +0 shield, a ration; and the following spells
                  | available to memorise: Sting, Summon Small Mammal, Ignite
                  | Poison, Recall
     0 | D:1      | Reached XP level 1. HP: 15/15 MP: 3/3
   174 | D:1      | Reached skill level 1 in Unarmed Combat
   383 | D:1      | Reached XP level 2. HP: 20/22 MP: 5/5
   921 | D:1      | Reached XP level 3. HP: 28/28 MP: 6/6
  1423 | D:2      | Noticed Jessica
  1424 | D:2      | Killed Jessica
  1440 | D:2      | Reached XP level 4. HP: 36/36 MP: 7/7
  1471 | D:2      | Noticed Terence
  1501 | D:2      | Killed Terence
  2384 | D:2      | Reached XP level 5. HP: 41/42 MP: 8/8
  2862 | D:3      | HP: 2/42 [orc wizard/+1 dagger of freezing (1)]
  3416 | D:3      | Found a runed translucent gate.
  3416 | D:3      | Found a runed translucent gate.
  3416 | D:3      | Found a runed translucent gate.
  3417 | D:3      | Noticed kolakolka's ghost (amateur TrMo)
  3913 | D:4      | Reached skill level 1 in Armour
  3913 | D:4      | Reached skill level 5 in Unarmed Combat
  3913 | D:4      | Reached XP level 6. HP: 12/49 MP: 9/9
  4447 | D:2      | Found a bloodstained altar of Trog.
  4644 | D:4      | Found a snail-covered altar of Cheibriados.
  4733 | D:4      | Gained mutation: You occasionally shout uncontrollably at
                  | your foes. [potion of mutation]
  4733 | D:4      | Gained mutation: Your mind is acute. (Int +2) [potion of
                  | mutation]
  4770 | D:3      | Lost mutation: Your mind is acute. (Int +2) [potion of
                  | mutation]
  4770 | D:3      | Lost mutation: You occasionally shout uncontrollably at
                  | your foes. [potion of mutation]
  4770 | D:3      | Gained mutation: Your body sometimes deteriorates upon
                  | taking damage. [potion of mutation]
  4770 | D:3      | Gained mutation: You are resistant to electric shocks.
                  | (rElec) [potion of mutation]
  5057 | D:4      | Reached skill level 1 in Dodging
  5057 | D:4      | Reached XP level 7. HP: 38/55 MP: 10/10
  5856 | D:4      | Found a shimmering altar of Xom.
  5937 | D:5      | Entered Level 5 of the Dungeon
  6496 | D:5      | Found a runed translucent gate.
  6496 | D:5      | Found a runed translucent gate.
  6496 | D:5      | Noticed Vazz's ghost (novice GnWn)
  6497 | D:5      | Found a runed translucent gate.
  6500 | D:5      | Found a roughly hewn altar of Beogh.
  6530 | D:5      | Killed from afar by a shadow imp

Levels and vault maps discovered:
D:1:      scummos_arrival_checkerplants, layout_loops_ring
D:2:      layout_loops_ring, lightli_temple_of_fire, uniq_terence, uniq_jessica
D:3:      layout_basic, ebering_ghost_rock_garden
D:4:      layout_loops_ring, kennysheep_slug_shrine, tgw_xom,
          minmay_fractal_squares_diagonal_5
D:5:      layout_basic, nicolae_dithmenos_the_darkroom, temple_green,
          biasface_ghost_orc_armoury, first_ration

Skill      XL: |  1  2  3  4  5  6 |
---------------+-------------------+-----
Unarmed Combat | 1 2 3 4 5 |  5.8
Armour         | 1 2 |  2.6
Dodging        | 1 |  1.8
Shields        | 2 |  2.6
Stealth        | |  1.5
Spellcasting   | |  2.0
Fire Magic     | |  1.0
Poison Magic   | |  6.6

Action                   |  1- 3 |  4- 6 |  7- 9 || total
-------------------------+-------+-------+-------++-------
Melee: Unarmed           |    51 |   202 |   144 ||   397
       Punch             |     1 |       |       ||     1
 Abil: Spit Poison       |    31 |    27 |     6 ||    64
  Use: Potion            |       |     5 |       ||     5
       Scroll            |       |     3 |       ||     3
 Stab: Sleeping          |     1 |       |       ||     1
  Eat: Chunk             |     1 |    11 |     5 ||    17
Armor: Robe              |    24 |     7 |       ||    31
       Ring mail         |       |    50 |     1 ||    51
       Chain mail        |       |       |    34 ||    34
Dodge: Dodged            |    39 |    47 |    10 ||    96
Block: Shield            |       |    65 |   120 ||   185
       Reflection        |       |       |     1 ||     1
